 Dungeon Crawl Stone Soup version 0.31-a0-217-g58bb5d79cf (webtiles) character file.

Game seed: 17759660368204496263

122 qw the Shooter (level 5, -10/30 HPs)
             Began as a Gargoyle Hexslinger on July 2, 2023.
             Killed by divine providence
             ... invoked by an orc priest
              (13 damage)
             ... on level 3 of the Dungeon.
             The game lasted 00:00:42 (1397 turns).

qw the Shooter (Gargoyle Hexslinger)                Turns: 1397, Time: 00:00:42

Health: -10/30     AC: 14    Str: 17    XL:     5   Next: 6%
Magic:  6/6        EV: 11    Int: 14    God:
Gold:   1139       SH:  0    Dex: 14    Spells: 5/6 levels left

rFire   . . .        Y - +1 sling
rCold   . . .        (no shield)
rNeg    + . .        o - +0 ring mail
rPois   inf          g - +0 helmet
rElec   +            d - +2 cloak
rCorr   .            (no gloves)
SInv    .            c - +0 pair of boots
Will    .....        (no amulet)
Stlth   +            n - +6 ring of strength
HPRegen 0.25/turn    (no ring)
MPRegen 0.10/turn

%: no passive effects
@: no status effects
A: sickness immunity, AC +4, negative energy resistance 1, electricity
resistance, torment resistance 1, petrification resistance
a: no special abilities


You were on level 3 of the Dungeon.
You visited 1 branch of the dungeon, and saw 3 of its levels.

You collected 1139 gold pieces.


Innate Abilities, Weirdness & Mutations

You are immune to sickness and miasma.
Your stone body is resilient. (AC +4)
You are immune to poison.
You resist negative energy. (rN+)
You are resistant to electric shocks. (rElec)
You are resistant to unholy torment.
You are immune to petrification.


   Skills:
 - Level 2.0 Fighting
 + Level 4.5 Ranged Weapons
 - Level 1.2 Armour
 - Level 1.5 Dodging
 - Level 1.0 Spellcasting
 - Level 2.6 Hexes


You had 5 spell levels left.
You knew the following spells:

 Your Spells              Type           Power      Damage    Failure   Level
a - Slow                  Hex            32%        N/A       16%         1

Your spell library contained the following spells:

 Spells                   Type           Power      Damage    Failure   Level
 Inner Flame              Hex/Fire       4%         N/A       63%         3
 Portal Projectile        Hex/Tloc       8%         N/A       63%         3
 Cause Fear               Hex            4%         N/A       85%         4

Inventory:

Hand Weapons
 Y - a +1 sling (weapon)
Armour
 c - a +0 pair of boots (worn)
 d - a +2 cloak (worn)
 g - a +0 helmet (worn)
 o - a +0 ring mail (worn)
Jewellery
 n - a +6 ring of strength (left hand)
Scrolls
 a - 2 scrolls of identify
 e - a scroll of torment {unknown}
 i - a scroll of immolation {unknown}
Potions
 b - a potion of mutation
 f - a potion of haste
 h - a potion of might
 j - a potion of curing {unknown}
 k - a potion of heal wounds {unknown}

Dungeon Overview and Level Annotations

Branches:
Dungeon (3/15)

Altars:
Elyvilon
Fedhas
Qazlal
Xom
Zin


Message History

You hear some strange, mumbled words.
A puff of flame appears from out of thin air!
The puff of flame hits you but does no damage.
You shoot a sling bullet. The sling bullet barely misses the orc.
The orc hits you but does no damage.
You hear some strange, mumbled words.
A puff of flame appears from out of thin air!
The puff of flame hits you.
You shoot a sling bullet. The sling bullet barely misses the orc.
The orc barely misses you. Something hits you.
The orc hits you but does no damage. Something hits you.
The orc priest begins to cast a cantrip, but forgets the words!
You shoot a sling bullet.
The sling bullet closely misses the orc.
The orc hits you with a +0 club. Something hits you but does no damage.
You shoot a sling bullet. The sling bullet hits the orc.
The orc is heavily wounded.
The orc hits you but does no damage. Something hits you but does no damage.
You shoot a sling bullet. The sling bullet hits the orc!
You kill the orc!
The orc priest looks encouraged for a moment.
Something hits you but does no damage.
You shoot a sling bullet.
The sling bullet hits the orc priest but does no damage.
Something hits you but does no damage.
The orc priest mumbles some strange prayers to Beogh against you.
Pain shoots through your body!
You shoot a sling bullet. The sling bullet hits the orc priest.
The orc priest is lightly wounded.
The orc priest hits you with a +0 club. Something hits you but does no damage.
You shoot a sling bullet. The sling bullet hits the orc priest.
The orc priest is moderately wounded.
The orc priest hits you with a +0 club.
Something hits you but does no damage. x2
The orc priest hits you but does no damage.
You shoot a sling bullet.
The sling bullet barely misses the orc priest.
Something hits you.
The orc priest invokes the aid of Beogh against you.
Beogh smites you!
You die...

.....#.....
.#.............. #
..!..........<.# ..
.....# #.~~~.... ...
.....# #.~_~~.#. ....
##.....###~~~~~.'.
.....##.........~...~.#.
.(...oo)......###.......
.#######@#####.#.....#.##
...............#.#<#.#.##
....###.#####... ###....#
#^........#.# ###).#
#######..##.# ###).#
#.....#### #..).#
#........# #.##.#
##.......# #.##..
###......###...).


You could see an orc priest and an orc.

Vanquished Creatures
  An orc priest (D:3)
  An orc wizard (D:3)
  2 adders
  A dart slug (D:1)
  8 orcs (D:3)
  7 ball pythons
  3 endoplasms
  2 giant cockroaches
  A goblin (D:1)
  5 hobgoblins
  A kobold (D:1)
  7 bats
  3 rats
42 creatures vanquished.

Notes
Turn   | Place    | Note
-------+----------+-------------------------------------------
     0 | D:1      | qw the Gargoyle Hexslinger began the quest for the Orb.
     0 | D:1      | Reached XP level 1. HP: 12/12 MP: 2/2
     0 | D:1      | 0 ||| qw: Version: 0.3-a-40-ge99b1a8
     0 | D:1      | 0 ||| qw: Game counter: 180
     0 | D:1      | 0 ||| qw: Melee chars always use a shield: true
     0 | D:1      | 0 ||| qw: God list: Okawaru
     0 | D:1      | 0 ||| qw: Allow faded altars: false
     0 | D:1      | 0 ||| qw: Do Orc after clearing Dungeon:15 true
     0 | D:1      | 0 ||| qw: Do second Lair branch before Depths: true
     0 | D:1      | 0 ||| qw: Lair rune preference: random
     0 | D:1      | 0 ||| qw: Goals: Normal
     0 | D:1      | 0 ||| PLANNING D:1-11
   166 | D:1      | Reached XP level 2. HP: 16/16 MP: 3/3
   328 | D:1      | Reached skill level 3 in Ranged Weapons
   573 | D:1      | 573 ||| UPGRADING to +2 cloak.
   578 | D:1      | 578 ||| UPGRADING to +0 leather armour.
   588 | D:1      | 588 ||| DROPPING +0 robe.
   589 | D:1      | 589 ||| UPGRADING to +0 helmet.
   594 | D:1      | 594 ||| UPGRADING to +0 ring mail.
   604 | D:1      | 604 ||| DROPPING +0 leather armour.
   605 | D:1      | 605 ||| UPGRADING to +6 ring of strength.
   606 | D:1      | 606 ||| READING scroll labelled UZAANEXZOK.
   606 | D:1      | Identified a scroll of acquirement
   606 | D:1      | 606 ||| ACQUIRING 997 gold pieces
   606 | D:1      | Acquired 997 gold pieces
   608 | D:1      | 608 ||| READING scroll labelled JOEMACV LYLIW.
   609 | D:1      | 609 ||| READING scroll labelled IHAL FYVVARUPP.
   610 | D:1      | 610 ||| DRINKING 2 viscous orange potions.
   611 | D:1      | 611 ||| DROPPING scroll of poison.
   758 | D:2      | Reached XP level 3. HP: 21/21 MP: 4/4
   889 | D:2      | Reached skill level 1 in Armour
  1059 | D:2      | 1059 ||| UPGRADING to +0 pair of boots.
  1064 | D:2      | 1064 ||| DRINKING 2 fizzy green potions.
  1065 | D:2      | 1065 ||| READING 2 scrolls of identify.
  1065 | D:2      | 1065 ||| IDENTIFYING bubbling amethyst potion
  1074 | D:3      | Found a blossoming altar of Fedhas.
  1087 | D:3      | Found a stormy altar of Qazlal.
  1087 | D:3      | Found a white marble altar of Elyvilon.
  1088 | D:3      | Found a glowing silver altar of Zin.
  1088 | D:3      | Found a shimmering altar of Xom.
  1220 | D:3      | Reached XP level 4. HP: 10/26 MP: 5/5
  1226 | D:3      | 1226 ||| FLEEEEING.
  1227 | D:3      | 1227 ||| FLEEEEING.
  1234 | D:3      | Reached skill level 4 in Ranged Weapons
  1282 | D:3      | Reached XP level 5. HP: 15/30 MP: 6/6
  1395 | D:3      | HP: 6/30 [orc priest/+0 club (2)]
  1397 | D:3      | Killed from afar by an orc priest

Levels and vault maps discovered:
D:1:      spicycebolla_arrival_xxxplode, layout_loops_ring,
          kennysheep_pointless_box
D:2:      layout_rooms
D:3:      layout_basic, fedhas_altar_2,
          chequers_temple_overflow_statue_of_worship

Skill      XL: |  1  2  3  4 |
---------------+-------------+-----
Ranged Weapons | 3 4 |  4.5
Fighting       | 2 |  2.0
Armour         | 1 |  1.2
Dodging        | |  1.5
Spellcasting   | |  1.0
Hexes          | |  2.6

Action                     |  1- 3 |  4- 6 || total
---------------------------+-------+-------++-------
   Fire: Sling             |   104 |    57 ||   161
    Use: Scroll            |     4 |       ||     4
         Potion            |     2 |       ||     2
 Armour: Robe              |     5 |       ||     5
         Ring mail         |    10 |    57 ||    67
  Dodge: Dodged            |    20 |    17 ||    37

Table legend:
 A = Non-vault XP
 B = Vault XP
 C = Vault XP percentage of total XP
 D = Non-vault monster count
 E = Vault monster count
 F = Vault count percentage of total count
                 A         B        C        D         E       F
            +---------+---------+-------+---------+---------+-------
      Total |     175 |       0 |   0.0 |      42 |       0 |   0.0
            +---------+---------+-------+---------+---------+-------
        D:1 |      27 |       0 |   0.0 |      16 |       0 |   0.0
        D:2 |      27 |       0 |   0.0 |      11 |       0 |   0.0
        D:3 |     121 |       0 |   0.0 |      15 |       0 |   0.0
            +---------+---------+-------+---------+---------+-------
